 Dungeon Crawl Stone Soup version 0.27.1-35-g4d5d836560 (webtiles) character file.

Game seed: 3369759182449478998

910 Delamore the Covert (level 8, 0/50 HPs)
             Began as an Octopode Brigand on Apr 25, 2022.
             Was an Initiate of Gozag.
             Slain by a gnoll sergeant (13 damage)
             ... on level 5 of the Dungeon.
             The game lasted 00:07:13 (4992 turns).

Delamore the Covert (Octopode Brigand)              Turns: 4992, Time: 00:07:14

Health: 0/50       AC:  1    Str:  9 (10) XL:     8   Next: 8%
Magic:  8/8        EV: 12    Int: 13      God:    Gozag
Gold:   146        SH:  5    Dex: 14 (16) Spells: 7/7 levels left

rFire    . . .     SeeInvis .   f - +3 whip
rCold    . . .     Faith    .   j - +0 buckler
rNeg     . . .     Spirit   .   (helmet restricted)
rPois    .         Reflect  .   d - amulet of regeneration
rElec    .         Harm     .   (no ring)
rCorr    .         Rampage  .   (no ring)
Will     .....                  (no ring)
Stlth    +++++.....             (no ring)
HPRegen  1.16/turn              (no ring)
MPRegen  0.11/turn              (no ring)
                                (no ring)
                                (no ring)

@: mighty, gold aura
A: almost no armour, amphibious, 8 rings, camouflage 1, gelatinous body 1,
(nimble swimmer 1), tentacles, tentacle spike 1, deterioration 1
a: Renounce Religion, Potion Petition, Call Merchant, Bribe Branch


You were on level 5 of the Dungeon.
You worshipped Gozag.
Gozag was aware of your devotion.
You visited 2 branches of the dungeon, and saw 6 of its levels.

You collected 192 gold pieces.
You paid 46 gold pieces to Gozag.

Inventory:

Hand Weapons
 a - a +2 dagger
 e - a +3 eveningstar of protection
 f - a +3 whip (weapon)
Missiles
 b - 12 poisoned darts
Armour
 j - a +0 buckler (worn)
Jewellery
 d - an amulet of regeneration (around mantle)
Wands
 q - a wand of charming (2) (quivered)
Scrolls
 i - a scroll of immolation
 l - a scroll of fear
 o - 2 scrolls of amnesia {unknown}
 r - a scroll of vulnerability {unknown}
 s - a scroll of fog {unknown}
 t - a scroll of teleportation {unknown}
 u - a scroll of blinking {unknown}
 v - a scroll of torment {unknown}
 w - a scroll of summoning {unknown}
Potions
 m - a potion of haste {unknown}
 p - a potion of attraction {unknown}


   Skills:
 - Level 2.0 Fighting
 - Level 2.2 Short Blades
 * Level 6.2 Maces & Flails
 - Level 2.0 Throwing
 - Level 1.0 Dodging
 + Level 8.4 Stealth
 + Level 3.8 Shields


You had 7 spell levels left.
You didn't know any spells.
Your spell library contained the following spells:

 Spells                   Type           Power      Damage    Failure   Level
 Freeze                   Ice            0%         1d3       30%         1
 Slow                     Hex            0%         N/A       43%         2
 Confusing Touch          Hex            0%         N/A       67%         3
 Frozen Ramparts          Ice            0%         1d2       67%         3
 Hailstorm                Conj/Ice       0%         3d3       97%         4
 Yara's Violent Unravell  Hex/Tmut       0%         3d3       100%        5


Dungeon Overview and Level Annotations

Branches:
Dungeon (5/15)             Temple (1/1) D:4

Altars:
Ashenzari
Cheibriados
Dithmenos
Gozag
Hepliaklqana
Kikubaaqudgha
Makhleb
Nemelex Xobeh
Okawaru
Qazlal
Ru
Sif Muna
Trog
Uskayaw
Vehumet
Wu Jian
Xom
Yredelemnul
Zin
The Shining One

Annotations:
D:5 Prince Ribbit


Innate Abilities, Weirdness & Mutations

You cannot wear most types of armour.
You are amphibious.
You can wear up to eight rings at the same time.
Your skin changes colour to match your surroundings (Stealth+).
Your rubbery body absorbs attacks. (AC +1, EV +1)
((You are camouflaged near water. (Stealth+)))
You have tentacles for arms and can constrict up to eight enemies at once.
One of your tentacles bears a spike.
Your body sometimes deteriorates upon taking damage.


Message History

Press: ? - help, Q - select action, (/) - cycle Shift-Dir - straight line, f - gnoll sergeant
Aim: a gnoll sergeant, wielding a +1 vampiric trident and wearing a +0 scale mail (68% to hit)
You throw a curare-tipped dart.
The curare-tipped dart barely misses the gnoll sergeant.
The gnoll sergeant hits you from afar with a +1 vampiric trident!
Prince Ribbit blinks!
Throw: dart (curare)
Press: ? - help, Q - select action, (/) - cycle Shift-Dir - straight line, f/p - gnoll sergeant
Aim: a gnoll sergeant, wielding a +1 vampiric trident and wearing a +0 scale mail (68% to hit)
You throw a curare-tipped dart.
The curare-tipped dart hits the gnoll sergeant.
The gnoll sergeant is poisoned.
The gnoll sergeant convulses.
The gnoll sergeant seems to slow down.
The gnoll sergeant is lightly wounded.
Prince Ribbit hits you. The gnoll sergeant misses you.
Aiming: Charm
Press: ? - help, Shift-Dir - straight line, f/p - gnoll sergeant
Aim: a gnoll sergeant, wielding a +1 vampiric trident and wearing a +0 scale mail (moderately wounded, very poisoned, slow, chance to affect: 46%)
The gnoll sergeant resists with some effort.
Prince Ribbit misses you.
Prince Ribbit sighs, "It's not easy being green!"
Prince Ribbit hits you!
Aiming: Charm
Press: ? - help, Q - select action, (/) - cycle Shift-Dir - straight line, f/p - gnoll sergeant
Aim: a gnoll sergeant, wielding a +1 vampiric trident and wearing a +0 scale mail (moderately wounded, very poisoned, slow, chance to affect: 46%)
Okay, then.
You feel very mighty all of a sudden. You block the gnoll sergeant's attack.
Prince Ribbit hits you.
You hit Prince Ribbit. Your grab misses Prince Ribbit.
Your tentacle spike misses Prince Ribbit.
Prince Ribbit is lightly wounded.
Prince Ribbit closely misses you.
You miss Prince Ribbit. Your grab misses Prince Ribbit.
You pierce Prince Ribbit!
Your squeeze misses Prince Ribbit.
Prince Ribbit is heavily wounded.
Prince Ribbit hits you.
* * * LOW HITPOINT WARNING * * *
The gnoll sergeant hits you from afar with a +1 vampiric trident!
You die...
Your body crumbles into a pile of gold.

#####.......#..[.. ###
####.##.....#$..#....
##.#####....##.........#....
##...##.!............$..#....
#.....#..#.##........##.#....
#........#.###...##..........
##.........####.####.#.......
###....^...$$...# ####......
#..........)@$..## #......#
###.......g.F....#####..#.#..
##.........(........##...###.
#.........(........##.....##.
#....(...(...........(.......
###.........................#
#...........>...............
##..........................
##..##...##.###............


You could see Prince Ribbit and a gnoll sergeant (very poisoned, slow).

Vanquished Creatures
  A black bear (D:5)
  An ogre (D:4)
  A phantom (D:4)
  A bullfrog (D:5)
  2 scorpions (D:4)
  A bullfrog skeleton (D:5)
  A jelly (D:5)
  A centaur skeleton (D:5)
  2 orc priests (D:5)
  A hound (D:4)
  An iguana (D:5)
  2 orc wizards (D:5)
  Ijyb (D:3)
  A howler monkey skeleton (D:4)
  5 adders
  3 gnolls
  An ufetubus (D:3)
  2 adder skeletons (D:4)
  An adder zombie (D:5)
  A worm (D:2)
  4 dart slugs
  10 orcs
  3 ball pythons
  6 bats
  5 endoplasms
  2 giant cockroaches (D:2)
  5 goblins
  12 hobgoblins
  2 jackals (D:1)
  2 quokkas (D:1)
  2 frilled lizards (D:3)
  2 kobolds (D:1)
  6 rats
91 creatures vanquished.

Vanquished Creatures (collateral kills)
  3 gnolls
3 creatures vanquished.

Vanquished Creatures (others)
  A gnoll (D:5)
  An adder (D:4)
2 creatures vanquished.

Grand Total: 96 creatures vanquished

Notes
Turn   | Place    | Note
-------+----------+-------------------------------------------
     0 | D:1      | Delamore the Octopode Brigand began the quest for the Orb.
     0 | D:1      | Reached XP level 1. HP: 14/14 MP: 1/1
   234 | D:1      | Reached XP level 2. HP: 18/19 MP: 2/2
   311 | D:1      | Reached skill level 1 in Maces & Flails
   901 | D:1      | Reached XP level 3. HP: 24/24 MP: 3/3
  1365 | D:2      | Found a shimmering blue altar of Sif Muna.
  1371 | D:2      | Reached skill level 6 in Stealth
  1744 | D:2      | Reached XP level 4. HP: 22/29 MP: 4/4
  2094 | D:3      | Noticed Ijyb
  2104 | D:3      | Killed Ijyb
  2105 | D:3      | Reached skill level 1 in Shields
  2625 | D:4      | Reached XP level 5. HP: 28/34 MP: 5/5
  2686 | D:4      | Noticed a phantom
  2692 | D:4      | Killed a phantom
  2953 | D:4      | Reached XP level 6. HP: 21/39 MP: 6/6
  3132 | D:4      | Reached skill level 7 in Stealth
  3826 | D:4      | Found a staircase to the Ecumenical Temple.
  3845 | D:4      | Gained mutation: Your body sometimes deteriorates upon
                  | taking damage. [potion of mutation]
  3845 | D:4      | Gained mutation: One of your tentacles bears a spike.
                  | [potion of mutation]
  3854 | Temple   | Entered the Ecumenical Temple
  4180 | Temple   | Became a worshipper of Gozag Ym Sagoz the Greedy
  4331 | D:4      | Reached skill level 5 in Maces & Flails
  4331 | D:4      | Reached XP level 7. HP: 20/45 MP: 7/7
  4417 | D:5      | Entered Level 5 of the Dungeon
  4473 | D:5      | Identified a scroll of acquirement
  4481 | D:5      | Acquired a +2 eveningstar of protection
  4647 | D:5      | Reached skill level 8 in Stealth
  4779 | D:5      | Reached XP level 8. HP: 48/50 MP: 8/8
  4807 | D:5      | Noticed Prince Ribbit
  4992 | D:5      | Slain by a gnoll sergeant

Illustrated notes

Levels and vault maps discovered:
D:1:      lemuel_arrival_behind_the_door_small, layout_basic
D:2:      layout_rooms, basic_altar
D:3:      layout_rooms, uniq_ijyb
D:4:      layout_gridville, minmay_temple_entry_nine_rooms,
          kennysheep_generic_room_6
D:5:      layout_cave_pools, fedhas_altar_4, uniq_prince_ribbit1
Temple:   regret_index_temple_chain_breaker

Skill      XL: |  1  2  3  4  5  6  7 |
---------------+----------------------+-----
Maces & Flails | 1 2 3 4 5 6 |  6.2
Stealth        | 6 7 8 |  8.4
Shields        | 1 2 3 |  3.8
Fighting       | |  2.0
Short Blades   | |  2.2
Throwing       | |  2.0
Dodging        | |  1.0

Action                   |  1- 3 |  4- 6 |  7- 9 || total
-------------------------+-------+-------+-------++-------
Melee: Dagger            |     6 |       |       ||     6
       Whip              |    61 |    64 |    68 ||   193
       Tentacles         |     9 |    13 |    21 ||    43
       Constrict         |    14 |    12 |    20 ||    46
       Kick              |       |     1 |    24 ||    25
Throw: Dart              |       |     7 |    15 ||    22
Evoke: Wand              |       |     3 |     2 ||     5
  Use: Scroll            |       |     3 |     3 ||     6
       Potion            |       |     4 |     1 ||     5
 Stab: Sleeping          |    14 |    17 |     1 ||    32
Armor: Skin              |     8 |     5 |       ||    13
Dodge: Dodged            |    36 |    24 |    31 ||    91
Block: Buckler           |     2 |     9 |    11 ||    22
